 Dungeon Crawl Stone Soup version 0.31.0-32-g396128a36d (webtiles) character file.

Game seed: 6698338302088474148

756 Doomgape the Ruffian (level 7, -6/67 HPs)
             Began as a Troll Shapeshifter on Mar 10, 2024.
             Mangled by a gnoll sergeant
             ... wielding a +2 spear of venom
              (11 damage)
             ... on level 5 of the Dungeon.
             The game lasted 00:08:17 (2762 turns).

Doomgape the Ruffian (Troll Shapeshifter)           Turns: 2762, Time: 00:08:18

Health: -6/67      AC:  4    Str: 24 (25) XL:     7   Next: 50%
Magic:  6/6        EV: 10    Int:  3 (6)  God:
Gold:   304        SH:  0    Dex:  7 (9)  Spells: 6/6 levels left

rFire   . .          .
                       - Unarmed
rCold   . . .        (no shield)
rNeg    . . .        a - +0 animal skin
rPois   +            (helmet currently unavailable)
rElec   .            (cloak currently unavailable)
rCorr   .            (gloves unavailable)
SInv    .            (boots unavailable)
Will    +....        (no amulet)
Stlth   +            n - ring of poison resistance
HPRegen 1.11/turn    (no ring)
MPRegen 0.10/turn

%: no passive effects
@: lethally poisoned (-6 -> -6), beast-form, enlightened, flying
A: beast (slay +2), large, unfitting armour, claws 3, regeneration 1, shaggy fur
1, tough skin 1
a: Begin Untransformation


You were on level 5 of the Dungeon.
You were a hulking beast.
You visited 1 branch of the dungeon, and saw 5 of its levels.

You collected 304 gold pieces.

Inventory:

Missiles
 k - 6 javelins (quivered)
Armour
 a - a +0 animal skin (worn)
 l - a +0 cloak of preservation
Jewellery
 i - a ring of fire
 n - a ring of poison resistance (left claw)
Talismans
 c - a beast talisman
 d - a flux talisman
 q - a talisman of death
Wands
 m - a wand of polymorph (9)
 t - a wand of flame (13)
 w - a wand of iceblast (10)
Scrolls
 o - a scroll of revelation
 r - a scroll of amnesia
 s - a scroll of identify {unknown}
 u - a scroll of blinking
 v - a scroll of enchant weapon {unknown}
Potions
 b - 2 potions of lignification
 e - a potion of brilliance {unknown}
 f - a potion of enlightenment
 g - a potion of curing {unknown}
 h - 2 potions of degeneration
 j - a potion of haste {unknown}
 p - a potion of berserk rage {unknown}
 x - a potion of resistance {unknown}
 z - a potion of heal wounds


   Skills:
 + Level 3.4 Fighting
 + Level 3.8 Dodging
 + Level 5.1 Unarmed Combat
 + Level 4.7 Shapeshifting


You had 6 spell levels left.
You didn't know any spells.
Your spell library contained the following spells:

 Spells                   Type           Power      Damage    Failure   Level
 Apportation              Tloc           0%         N/A       52%         1
 Jinxbite                 Hex            0%         N/A       67%         2
 Alistair's Intoxication  Alch           0%         N/A       100%        5


Dungeon Overview and Level Annotations

Branches:
Dungeon (5/15)
 Temple: D:4-7

Altars:
Kikubaaqudgha
Ru
Xom

Shops:
D:1 [   D:3 [


Innate Abilities, Weirdness & Mutations

You are a hulking beast.
Your limbs bulge with bestial killing power. (Slay +2)
You are too large for most types of armour.
You have claws for hands.
Your natural rate of healing is unusually fast.
You are covered in fur. (AC +1)
You have tough skin. (AC +1)


Message History

You feel very sick. The gnoll completely misses you.
The gnoll sergeant hits you with a +2 spear of venom!
You see here a +0 spear.
You barely miss the gnoll sergeant.
You feel sick.
The gnoll hits you from afar with a +0 halberd.
The gnoll sergeant closely misses you.
You claw the gnoll sergeant!
The gnoll sergeant is moderately wounded.
You feel sick.
The gnoll hits you from afar with a +0 halberd.
The gnoll sergeant hits you with a +2 spear of venom.
You are more poisoned.
You scratch the gnoll sergeant.
The gnoll sergeant is heavily wounded.
You feel sick. The gnoll closely misses you.
The gnoll sergeant hits you with a +2 spear of venom!
Unknown command.
The gnoll sergeant blocks your attack.
The gnoll sergeant is heavily wounded.
You feel sick. The gnoll closely misses you.
The gnoll sergeant barely misses you.
It was a potion of degeneration.
There was something very wrong with that liquid.
You feel weakened.
You feel dopey.
You feel clumsy.
You feel sick. The gnoll closely misses you.
The gnoll sergeant hits you with a +2 spear of venom!
* * * LOW HITPOINT WARNING * * *
It was a potion of heal wounds.
You feel much better.
You feel sick.
The gnoll hits you from afar with a +0 halberd!
* * * LOW HITPOINT WARNING * * *
The gnoll sergeant hits you with a +2 spear of venom!
* * * LOW HITPOINT WARNING * * *
It was a potion of enlightenment.
You feel very buoyant.
You fly up into the air.
You feel sick.
The gnoll hits you from afar with a +0 halberd!
* * * LOW HITPOINT WARNING * * *
The gnoll sergeant hits you with a +2 spear of venom!
You die...

.# .# ##+##.+
#.<...# #.....#
######..>..#
.......†...#
#########.....#
..sggggh..#####
###########


You could see a gnoll sergeant, a scorpion and 3 gnolls.

Vanquished Creatures
  A black bear (D:4)
  A scorpion (D:4)
  4 wights (D:3)
  4 hounds (D:4)
  Ijyb (D:4)
  Jessica (D:3)
  An orc wizard (D:4)
  Robin (D:4)
  2 gnolls
  4 adders
  A ribbon worm (D:2)
  3 dart slugs (D:1)
  7 orcs
  4 bats
  10 endoplasms
  3 giant cockroaches
  13 goblins
  14 hobgoblins
  12 jackals
  3 quokkas
  12 ball pythons
  2 frilled lizards
  11 kobolds
  4 rats
119 creatures vanquished.

Notes
Turn   | Place    | Note
-------+----------+-------------------------------------------
     0 | D:1      | Doomgape the Troll Shapeshifter began the quest for the
                  | Orb.
     0 | D:1      | Reached XP level 1. HP: 18/18 MP: 0/0
    61 | D:1      | Reached skill level 1 in Fighting
    65 | D:1      | Reached XP level 2. HP: 27/27 MP: 1/1
   112 | D:1      | Found Naytz's Antique Armour Shop.
   272 | D:1      | Reached XP level 3. HP: 33/33 MP: 2/2
   691 | D:2      | Found an ancient bone altar of Kikubaaqudgha.
  1092 | D:2      | Reached XP level 4. HP: 41/42 MP: 3/3
  1472 | D:3      | Found Qalucsec's Antique Armour Shoppe.
  1514 | D:3      | Noticed Jessica
  1518 | D:3      | Killed Jessica
  1539 | D:3      | Found a faded altar of an unknown god.
  1703 | D:3      | Reached XP level 5. HP: 36/48 MP: 4/4
  1704 | D:3      | Reached skill level 4 in Unarmed Combat
  1706 | D:3      | Reached XP level 6. HP: 43/59 MP: 5/5
  1763 | D:4      | Noticed Robin
  1789 | D:4      | Killed Robin
  1958 | D:4      | Found a sacrificial altar of Ru.
  1988 | D:4      | Reached XP level 7. HP: 58/67 MP: 6/6
  2228 | D:4      | Noticed Ijyb
  2241 | D:4      | Killed Ijyb
  2447 | D:4      | Reached skill level 5 in Unarmed Combat
  2545 | D:4      | Found a shimmering altar of Xom.
  2741 | D:5      | Entered Level 5 of the Dungeon
  2762 | D:5      | Mangled by a gnoll sergeant

Illustrated notes

Levels and vault maps discovered:
D:1:      minmay_arrival_three_doors, layout_loops_ring, serial_shops, shop
D:2:      layout_loops_ring, basic_altar, eino_tiny_chamber,
          chequers_serial_rivers_room_a
D:3:      layout_rooms, hellmonk_ecumenical_altar_run_dry, serial_shops,
          nicolae_shop_waterfront, kennysheep_generic_room_10, uniq_jessica
D:4:      minmay_razor_zed, layout_loops_ring, kennysheep_mini_moat,
          hangedman_ru_absence, uniq_robin, uniq_ijyb
D:5:      layout_gridville, lemuel_blue_sif_altar,
          nicolae_wu_jian_immortal_techniques, mainiacjoe_overflow_chevrons,
          minmay_temple_entry_gardened_gates, serial_co_window_serial,
          co_window_cross_1, co_window_paths_b, co_window_paths_b,
          co_window_paths_a, co_window_corner_a, co_window_corner_b,
          co_window_broadway_b, co_window_cross_3, co_window_2corner,
          co_window_of_opportunity_b, glass_columns_b, glass_columns_b,
          glass_columns_b, glass_columns_c, glass_columns_c, serial_shops,
          nicolae_shop_tiny_statue_garden, minmay_liquid_box

Skill      XL: |  1  2  3  4  5  6  7 |
---------------+----------------------+-----
Fighting       | 1 2 3 |  3.4
Dodging        | 2 3 |  3.8
Unarmed Combat | 4 5 |  5.1
Shapeshifting  | 4 |  4.7

Action                     |  1- 3 |  4- 6 |  7- 9 || total
---------------------------+-------+-------+-------++-------
  Melee: Unarmed           |    70 |   105 |    79 ||   254
         Punch             |     1 |     1 |       ||     2
  Evoke: Wand              |       |       |     1 ||     1
    Use: Scroll            |       |     4 |       ||     4
         Potion            |       |       |     3 ||     3
   Stab: Sleeping          |       |       |     1 ||     1
 Armour: Animal skin       |    32 |    49 |    65 ||   146
  Dodge: Dodged            |    19 |    42 |    40 ||   101
